 Crawl Stoat Soup version 0.23-ish-327 (webtiles) character file.

6 bonegar the Sneak (level 1, 8/15 HPs)
             Began as a Naga Enchanter on Feb 14, 2024.
             Got out of the dungeon alive.
             The game lasted 00:01:58 (262 turns).

bonegar the Sneak (Naga Enchanter)                   Turns: 262, Time: 00:01:58

Health: 8/15       AC:  1    Str: 10    XL:     1   Next: 90%
Magic:  3/3        EV:  9    Int: 15    God:
Gold:   3          SH:  0    Dex:  8    Spells: 4/4 levels left

rFire    . . .     SeeInvis +   a - +1 dagger
rCold    . . .     Gourm    .   (no shield)
rNeg     . . .     Faith    .   b - +0 robe
rPois    +         Spirit   .   (no helmet)
rElec    .         Warding  .   (no cloak)
rCorr    .         Reflect  .   (no gloves)
MR       .....     Harm     .   (no barding)
Stlth    ++........             (no amulet)
HPRegen  0.05/turn              g - -3 ring of dexterity (curse)
MPRegen  0.08/turn              (no ring)

@: very slow
A: large, see invisible, deformed body, poison resistance, slowness 2, slow
metabolism 1, spit poison 1, AC +0
a: Spit Poison


You escaped.
You were not hungry.

You visited 1 branch of the dungeon, and saw 1 of its levels.

You collected 3 gold pieces.

Inventory:

Hand Weapons
 a - a +1 dagger (weapon)
Armour
 b - a +0 robe (worn)
Jewellery
 g - a cursed -3 ring of dexterity (left hand)
Scrolls
 e - a scroll of teleportation {unknown}
 h - a scroll of enchant weapon {unknown}
Potions
 c - a potion of invisibility
Comestibles
 d - a meat ration
 f - a bread ration


   Skills:
 + Level 1.0 Short Blades
 + Level 1.7 Dodging
 + Level 4.9 Stealth
 + Level 2.0 Spellcasting
   Level 3.0 Hexes


You had 4 spell levels left.
You didn't know any spells.
Your spell library contained the following spells:

 Spells                   Type           Power        Failure   Level  Hunger
 Ensorcelled Hibernation  Hex/Ice        6/50         19%         2    ###....
 Confuse                  Hex            10/100       19%         3    ###....
 Tukima's Dance           Hex            10/100       19%         3    ###....
 Dazzling Spray           Conj/Hex       6/50         34%         3    ###....


Dungeon Overview and Level Annotations

Branches:
Dungeon (1/15)

Altars:


Innate Abilities, Weirdness & Mutations

You cannot wear boots.
Your serpentine skin is tough. (AC +0)
You have supernaturally acute eyesight. (SInv)
Armour fits poorly on your strangely shaped body.
Your system is resistant to poisons. (rPois)
You cover ground very slowly.
You have a slow metabolism.
You can spit poison.


Message History

Sorry, I don't know how to get there.
Sorry, I don't know how to get there.
You see here a rat corpse.
Things that are here:
a club; a kobold corpse You see here a stone.
There is an open gate here.
There is an open door here.
There is an open door here.
There is a staircase leading out of the dungeon here.
You open the door.
There is an open door here.
Sorry, I don't know how to get there.
There is an open door here.
There is a staircase leading out of the dungeon here.
You can't go down here!
Are you sure you want to leave the Dungeon?
This will make you lose the game!
Alright, then stay!
Are you sure you want to leave the Dungeon?
This will make you lose the game!
You have escaped!

#..§§§§§§.##.##.....>.
#§§§§§....##.####.###.
##§§§....###..........
####'#### ######.####
##8.8## ##..###.....
##'## #..≈.##.....
##...####.≈≈.##..##.
#.....#≈#.≈§§#..###.
+..@..'.#.≈≈≈#......
#.....#≈#..§§#...###
..# ##...####.≈≈.#...#
#####.# ##'##
#..≈.#.#.# ....#.##
##...## ##..##.#.#
.......#
##############..#.#
....##.##
##.......##.. ..##.#
....##..#
#...#§§...#.#### #.#
#..###..#
#.........#.# #.#


There were no monsters in sight!

Vanquished Creatures
  A bat (D:1)
  2 goblins (D:1)
  A frilled lizard (D:1)
  2 kobolds (D:1)
  A rat (D:1)
7 creatures vanquished.

Notes
Turn   | Place    | Note
-------+----------+-------------------------------------------
     0 | D:1      | bonegar the Naga Enchanter began the quest for the Orb.
     0 | D:1      | Reached XP level 1. HP: 15/15 MP: 3/3
   262 | D:$      | Got out of the dungeon alive.

Vault maps used:
D:1:      shiori_arrival_elements, hex_tiny

Action                   || total
-------------------------++-------
Melee: Dagger            ||    16
 Stab: Sleeping          ||     1
Armor: Robe              ||     2
Dodge: Dodged            ||     6

Table legend:
 A = Spawn XP
 B = Non-spawn XP
 C = Spawn XP percentage of total XP
 D = Spawn monster count
 E = Non-spawn monster count
 F = Spawn count percentage of total count
 G = Total turns spent on level
                    A         B        C        D         E        F      G
               +---------+---------+-------+---------+---------+-------+---------
         Total |       0 |       9 |   0.0 |       0 |       7 |   0.0 |   262
               +---------+---------+-------+---------+---------+-------+---------
           D:1 |       0 |       9 |   0.0 |       0 |       7 |   0.0 |   262
               +---------+---------+-------+---------+---------+-------+---------
